 Dungeon Crawl Stone Soup version 0.28-a0-1629-gf728b707aa (webtiles) character file.

Game seed: 2562906975804695739

8592 fragbeetle the Spear-Bearer (level 11, -25/81 HPs)
             Began as a Merfolk Ice Elementalist on Jan 24, 2022.
             Was a Priest of Sif Muna.
             Shot with an arrow by a centaur warrior (29 damage)
             ... on level 10 of the Dungeon on Jan 25, 2022.
             The game lasted 00:36:26 (13574 turns).

fragbeetle the Spear-Bearer (MfIE)                 Turns: 13574, Time: 00:36:27

Health: -25/81     AC:  6    Str: 15    XL:     11   Next: 33%
Magic:  18/18      EV: 19    Int: 17    God:    Sif Muna [***...]
Gold:   406        SH:  0    Dex: 14    Spells: 8/19 levels left

rFire   . . .      SeeInvis .   M - +2 spear (freeze)
rCold   . . .      Faith    .   (no shield)
rNeg    . . .      Spirit   .   x - +1 leather armour {Will+}
rPois   +          Reflect  .   (no helmet)
rElec   +          Harm     .   R - +0 cloak
rCorr   +          Rampage  .   g - +0 pair of gloves
Will    +....                   (no boots)
Stlth   +++.......              (no amulet)
HPRegen 0.23/turn               m - ring "Tetapari" {rElec rPois Str+4 Dex-2}
MPRegen 0.16/turn               t - ring of the Jester {rCorr EV+4 Dex+2}

@: no status effects
A: (nimble swimmer 2), mertail
a: Renounce Religion, Channel Magic, Forget Spell


You were on level 10 of the Dungeon.
You worshipped Sif Muna.
Sif Muna was most pleased with you.
You visited 2 branches of the dungeon, and saw 11 of its levels.
You also visited: Sewer.

You collected 544 gold pieces.
You spent 138 gold pieces at shops.

Inventory:

Hand Weapons
 k - a +2 vorpal flail
 M - a +2 spear of freezing (weapon)
Missiles
 d - 5 boomerangs (quivered)
 B - 31 poisoned darts
Armour
 g - a +0 pair of gloves (worn)
 v - the +0 robe of the Black Moon {SInv}
   (You found it on level 9 of the Dungeon)

   SInv:      It lets you see invisible.
 x - a +1 leather armour of willpower (worn)
 E - the +1 chain mail of Incorporation {rElec rPois Regen+}
   (You found it on level 5 of the Dungeon)

   rElec:     It insulates you from electricity.
   rPois:     It protects you from poison.
   Regen:     It increases your rate of health regeneration.
 N - an orb of mayhem
 P - the +2 leather armour of the Trees {*Corrode rElec rF+}
   (You found it on level 10 of the Dungeon)

   rF:        It protects you from fire.
   rElec:     It insulates you from electricity.
   *Corrode:  It may corrode you when you take damage.
 R - a +0 cloak (worn)
Jewellery
 i - a ring of wizardry
 m - the ring "Tetapari" (left hand) {rElec rPois Str+4 Dex-2}
   (You acquired it on level 9 of the Dungeon)

   [ring of poison resistance]

   Str:       It affects your strength (+4).
   Dex:       It affects your dexterity (-2).
   rElec:     It insulates you from electricity.
   rPois:     It protects you from poison.
 n - a ring of protection from fire
 s - a ring of see invisible
 t - the ring of the Jester (right hand) {rCorr EV+4 Dex+2}
   (You took it off an orc on level 3 of the Dungeon)

   [ring of evasion]

   EV:        It affects your evasion (+4).
   Dex:       It affects your dexterity (+2).
   rCorr:     It protects you from acid and corrosion.
 F - a ring of protection from cold
Wands
 j - a wand of mindburst (17)
 q - a wand of charming (5)
 y - a wand of acid (17)
 D - a wand of paralysis (9)
 K - a wand of iceblast (9)
 O - a wand of flame (21)
Scrolls
 b - a scroll of immolation
 c - 3 scrolls of fear
 e - 4 scrolls of amnesia
 h - 2 scrolls of fog
 l - 2 scrolls of blinking
 u - 10 scrolls of teleportation
 H - 2 scrolls of silence
 J - a scroll of magic mapping
 Q - a scroll of identify
Potions
 a - 4 potions of brilliance
 f - 2 potions of mutation
 o - 2 potions of magic
 p - 5 potions of curing
 r - a potion of might {unknown}
 w - 2 potions of flight
 z - 2 potions of attraction {unknown}
 A - 3 potions of cancellation
 C - 5 potions of heal wounds
 G - a potion of invisibility {unknown}
 I - a potion of lignification {unknown}
 L - a potion of haste {unknown}


   Skills:
 + Level 5.9 Fighting
 * Level 10.6 Polearms
 - Level 4.0 Armour
 + Level 7.6 Dodging
 - Level 5.3 Stealth
 + Level 4.9 Spellcasting
 * Level 4.1 Conjurations
 + Level 4.7 Hexes
 + Level 9.7 Ice Magic


You had 8 spell levels left.
You knew the following spells:

 Your Spells              Type           Power      Damage    Failure   Level
a - Freeze                Ice            100%       1d11      1%          1
b - Frozen Ramparts       Ice            74%        1d9       1%          3
c - Ozocubu's Armour      Ice            37%        N/A       1%          3
d - Fulminant Prism       Conj/Hex       9%         3d7       28%         4

Your spell library contained the following spells:

 Spells                   Type           Power      Damage    Failure   Level
 Magic Dart               Conj           72%        1d6       3%          1
 Searing Ray              Conj           36%        2d5       4%          2
 Confusing Touch          Hex            20%        N/A       8%          3
 Dazzling Flash           Conj/Hex       38%        N/A       9%          3
 Hailstorm                Conj/Ice       27%        3d7       10%         4
 Summon Guardian Golem    Hex/Summ       12%        N/A       21%         3
 Summon Lightning Spire   Summ/Air       4%         N/A       87%         4
 Silence                  Hex/Air        6%         N/A       88%         5
 Yara's Violent Unravell  Hex/Tmut       6%         3d5       88%         5
 Agony                    Necr           4%         N/A       99%         5
 Enfeeble                 Hex            10%        N/A       100%        7
 Orb of Destruction       Conj           9%         9d6       100%        7
 Spellforged Servitor     Conj/Summ      5%         N/A       100%        7
 Storm Form               Tmut/Air       2%         N/A       100%        7
 Maxwell's Capacitive Co  Air            2%         ∞         100%        8


Dungeon Overview and Level Annotations

Branches:
Dungeon (10/15)            Temple (1/1) D:5            Lair (0/6) D:10
  Sewer (visited)
    Orc: D:9-12

Altars:
Ashenzari
Cheibriados
Dithmenos
Elyvilon
Fedhas
Gozag
Hepliaklqana
Kikubaaqudgha
Makhleb
Nemelex Xobeh
Okawaru
Qazlal
Ru
Sif Muna
Trog
Uskayaw
Vehumet
Wu Jian
Xom
Yredelemnul
Zin
The Shining One

Shops:
D:4 *   D:5 !   D:10 :

Annotations:
D:5 1 runed translucent door, Crazy Yiuf, Grinder


Innate Abilities, Weirdness & Mutations

((You are very nimble when in or above water. (Stealth+, EV+, Speed+++)))
Your lower body shifts to a powerful aquatic tail in water.


Message History

The wall freezes the orc wizard!
You kill the orc wizard!
Sif Muna accepts your kill.
You can now freely open your mind to new spells.
No target in view!
No target in view!
Your icy armour cracks and falls away as you move.
The frozen ramparts melt away as you move.
Items here: )) [ †.
Things that are here:
a +0 short sword; an orc corpse
Items here: )) [ †.
Found a stone staircase leading down.
There is a stone staircase leading down here.
You open the door.
A centaur warrior comes into view.
Found a lumpy grey potion.
Found a staircase to the Lair.
There is a stone staircase leading down here.
Okay, then.
Okay, then.
You open the door.
The centaur warrior shouts!
The centaur warrior wields a +3 longbow.
The centaur warrior shoots an arrow.
The arrow hits you!!
The centaur warrior shoots an arrow.
The arrow hits you!
There is an open door, spattered with blood here.
Casting: Ozocubu's Armour (safe; 1% risk of failure)
Confirm with . or Enter, or press ? or * to list all spells.
Okay, then.
The centaur warrior shoots an arrow.
The arrow completely misses you.
The centaur warrior shoots an arrow.
The arrow hits you!!
The centaur warrior shoots an arrow.
The arrow misses you.
The centaur warrior shoots an arrow.
The arrow hits you!
* * * LOW HITPOINT WARNING * * *
You feel much better.
The centaur warrior shoots an arrow.
The arrow hits you!!
* * * LOW HITPOINT WARNING * * *
The centaur warrior shoots an arrow.
The arrow misses you.
The centaur warrior shoots an arrow.
The arrow hits you!!
You die...

#...# #.....# .....#
###.### ..!....# ##.##
....>....####...########.#
.........c..c...).)......#
.........####...########.#
......# ##.### .....#
#...# #...# #.#@# ##+#
#...# #.# ##.## ####.#####
#.# .........# #.#
.##...##.######.#
.#..............#
.##...##.########
.....###.#


You could see a centaur warrior.

Vanquished Creatures
  Pikel (D:6)
  A centaur zombie (D:10)
  A komodo dragon (D:10)
  2 trolls (D:10)
  2 hornets
  A meliai zombie (D:10)
  Sigmund (D:2)
  2 wyverns (D:9)
  6 yaks
  4 vampire mosquitoes (D:8)
  Edmund (D:4)
  A steam dragon (D:7)
  2 water moccasins
  An acid dragon (D:5)
  2 orc warriors
  3 ice beasts
  4 sky beasts
  2 necrophages
  2 ogres (D:4)
  2 centaurs
  3 kobold brigands
  2 bullfrogs (D:7)
  A wyvern zombie (D:6)
  A water moccasin zombie (D:4)
  2 water moccasin skeletons
  11 killer bees
  8 wights
  4 howler monkeys
  3 electric eels
  3 bullfrog zombies (D:4)
  3 hounds
  4 orc priests
  2 bullfrog skeletons
  Ijyb (D:3)
  2 gnoll shamans
  2 iguanas
  11 orc wizards
  2 hound skeletons
  A howler monkey zombie (D:8)
  12 gnolls
  12 adders
  3 river rats (Sewer)
  3 adder skeletons (D:4)
  3 adder zombies (D:4)
  A worm (D:2)
  7 dart slugs
  31 orcs
  11 ball pythons
  5 endoplasms
  4 giant cockroaches
  9 goblins
  6 hobgoblins
  11 jackals
  9 quokkas
  9 bats
  8 frilled lizards
  16 kobolds
  A quokka zombie (D:4)
  10 rats
278 creatures vanquished.

Vanquished Creatures (others)
  10 plants (D:6)
  5 withered plants (D:4)
15 creatures vanquished.

Grand Total: 293 creatures vanquished

Notes
Turn   | Place    | Note
-------+----------+-------------------------------------------
     0 | D:1      | fragbeetle the Merfolk Ice Elementalist began the quest for
                  | the Orb.
     0 | D:1      | Reached XP level 1. HP: 13/13 MP: 3/3
    98 | D:1      | Reached XP level 2. HP: 6/20 MP: 1/5
   521 | D:1      | You fall into a shaft and drop 1 floor!
   791 | D:2      | Reached skill level 1 in Fighting
   802 | D:2      | Reached XP level 3. HP: 24/26 MP: 2/6
   810 | D:2      | Learned a level 3 spell: Frozen Ramparts
  1136 | D:2      | Reached skill level 5 in Ice Magic
  1183 | D:1      | Reached XP level 4. HP: 28/32 MP: 4/7
  1333 | D:1      | Found a faded altar of an unknown god.
  2183 | D:2      | Noticed Sigmund
  2406 | D:3      | Reached XP level 5. HP: 33/38 MP: 2/8
  2421 | D:3      | Reached skill level 1 in Polearms
  2425 | D:3      | Learned a level 3 spell: Ozocubu's Armour
  2432 | D:3      | Identified the ring of the Jester {rCorr EV+4 Dex+2}
  2572 | D:3      | Found a glowing drain.
  2608 | Sewer    | Entered a sewer
  2825 | Sewer    | Reached skill level 2 in Polearms
  3725 | D:2      | Reached XP level 6. HP: 44/44 MP: 6/9
  3911 | D:3      | Noticed Ijyb
  3965 | D:3      | Killed Ijyb
  4280 | D:3      | Found a glowing golden altar of the Shining One.
  4363 | D:4      | Reached skill level 3 in Polearms
  4382 | D:4      | Noticed an ice beast
  4391 | D:4      | Noticed a sky beast
  4491 | D:4      | Found a blossoming altar of Fedhas.
  4523 | D:4      | Reached skill level 1 in Armour
  4523 | D:4      | Reached XP level 7. HP: 51/51 MP: 3/10
  4583 | D:4      | Found Enlodwety's General Store.
  4591 | D:4      | Bought a potion of heal wounds for 60 gold pieces
  4675 | D:4      | Reached skill level 4 in Polearms
  5050 | D:4      | Found a burning altar of Makhleb.
  5265 | D:4      | Reached skill level 5 in Polearms
  5265 | D:4      | Reached XP level 8. HP: 45/58 MP: 3/11
  5346 | D:4      | Noticed Edmund
  5378 | D:4      | Killed Edmund
  5494 | D:4      | Reached skill level 5 in Dodging
  5584 | D:5      | Entered Level 5 of the Dungeon
  5766 | D:5      | Reached skill level 6 in Polearms
  5915 | D:5      | Found Fuph's Distillery.
  5930 | D:5      | Identified the +1 chain mail of Incorporation {rElec rPois
                  | Regen+}
  5999 | D:5      | Bought a potion of curing for 39 gold pieces
  5999 | D:5      | Bought a potion of flight for 39 gold pieces
  6006 | D:5      | Found a staircase to the Ecumenical Temple.
  6015 | Temple   | Entered the Ecumenical Temple
  6061 | Temple   | Became a worshipper of Sif Muna the Loreminder
  6218 | D:5      | Reached XP level 9. HP: 62/65 MP: 7/13
  6280 | D:5      | Noticed Grinder
  6385 | D:5      | Reached skill level 5 in Stealth
  6501 | D:5      | Found a runed translucent door.
  6502 | D:5      | Noticed Crazy Yiuf
  6819 | D:2      | Killed Sigmund
  6820 | D:2      | Reached skill level 7 in Polearms
  7862 | D:6      | Learned a level 4 spell: Fulminant Prism
  7936 | D:6      | Reached * piety under Sif Muna
  7953 | D:6      | Reached skill level 1 in Hexes
  7957 | D:6      | Reached skill level 8 in Polearms
  7957 | D:6      | Reached skill level 1 in Conjurations
  8269 | D:6      | Noticed Pikel
  8277 | D:6      | Killed Pikel
  8278 | D:6      | Reached XP level 10. HP: 66/73 MP: 9/15
  9188 | D:7      | Found an iron altar of Okawaru.
  9788 | D:7      | Reached skill level 5 in Fighting
  9993 | D:7      | Reached skill level 9 in Polearms
 10306 | D:8      | Found an ancient bone altar of Kikubaaqudgha.
 10345 | D:8      | Found an opulent altar of Gozag.
 10586 | D:8      | Reached ** piety under Sif Muna
 11761 | D:9      | Reached XP level 11. HP: 74/80 MP: 10/17
 11852 | D:9      | Found a radiant altar of Vehumet.
 11947 | D:9      | Found a hide-covered altar of Uskayaw.
 11947 | D:9      | Found a sparkling altar of Nemelex Xobeh.
 11949 | D:9      | Found a basalt altar of Yredelemnul.
 11951 | D:9      | Found an ornate altar of the Wu Jian Council.
 11952 | D:9      | Found a glowing silver altar of Zin.
 11966 | D:9      | Reached skill level 10 in Polearms
 12182 | D:9      | Identified a scroll of acquirement
 12184 | D:9      | Acquired the ring "Tetapari" {rElec rPois Str+4 Dex-2}
 12393 | D:9      | Identified the +0 robe of the Black Moon {SInv}
 12458 | D:10     | Entered Level 10 of the Dungeon
 12938 | D:10     | Identified the +2 leather armour of the Trees {*Corrode
                  | rElec rF+}
 13386 | D:10     | Found Kokh's Book Shoppe.
 13414 | D:10     | Reached *** piety under Sif Muna
 13543 | D:10     | Found a staircase to the Lair.
 13543 | D:10     | Noticed a centaur warrior
 13573 | D:10     | HP: 4/81 [centaur warrior/arrow (33)]
 13574 | D:10     | Shot with an arrow by a centaur warrior

Illustrated notes

Levels and vault maps discovered:
D:1:      saegor_arrival_under_anarchy, layout_rooms, basic_ecumenical_altar
D:2:      layout_basic, minmay_joined_circles, uniq_sigmund
D:3:      layout_loops_ring, nicolae_tso_swordbearing_angel,
          gup_sewer_entry_pipe, uniq_ijyb
D:4:      layout_basic, lightli_temple_of_fire,
          mainiacjoe_overflow_surrounded_room, serial_shops,
          nicolae_shop_waterfront, serial_undead, serial_undead_b,
          serial_undead_d, serial_undead_c, serial_undead_c, uniq_edmund
D:5:      layout_cave_pools, minmay_temple_entry_junction, serial_shops,
          nicolae_shop_trees, uniq_grinder, uniq_crazy_yiuf_cottage
D:6:      layout_layer_cave, grunt_decor_junction, serial_bayou_lagoon_a,
          uniq_pikel
D:7:      layout_basic, mainiacjoe_overflow_paths,
          chequers_serial_rivers_small_a, grunt_decor_fettered
D:8:      layout_layer_cave, nicolae_overflow_squiral
D:9:      layout_roguey, fiery_altar_vehumet, grunt_temple_overflow_open,
          chequers_serial_rivers_small_b, minivault_26
D:10:     layout_loops_corners, lair_entry_dummy, serial_shops,
          nicolae_inconvenience_store, nicolae_shop_trees, roderic_lattice_a,
          kennysheep_small_square
Temple:   eino_wide_crystal_templ

Skill      XL: |  1  2  3  4  5  6  7  8  9 10 11 |
---------------+----------------------------------+-----
Dodging        | 3 4 5 6 7 |  7.6
Fighting       | 1 2 3 4 5 |  5.9
Ice Magic      | 5 6 7 8 9 |  9.7
Stealth        | 3 4 5 |  5.3
Polearms       | 2 3 5 6 8 9 10 | 10.6
Armour         | 1 2 3 4 |  4.0
Spellcasting   | 3 4 |  4.9
Hexes          | 2 4 |  4.7
Conjurations   | 1 3 4 |  4.1

Action                   |  1- 3 |  4- 6 |  7- 9 | 10-12 || total
-------------------------+-------+-------+-------+-------++-------
Melee: Dagger            |    61 |    32 |       |       ||    93
       Whip              |       |    28 |       |       ||    28
       Spear             |       |   148 |   204 |   335 ||   687
       Tailslap          |       |     8 |     3 |       ||    11
       Punch             |       |     1 |     5 |     1 ||     7
       Trident           |       |       |   173 |    38 ||   211
Throw: Dart              |       |       |     2 |     1 ||     3
       Boomerang         |       |       |     1 |    11 ||    12
 Cast: Freeze            |    32 |    80 |    12 |       ||   124
       Ozocubu's Armour  |       |     5 |    24 |    32 ||    61
       Frozen Ramparts   |       |     5 |    27 |    36 ||    68
Evoke: Wand              |       |       |     5 |     1 ||     6
  Use: Scroll            |       |       |     8 |     8 ||    16
       Potion            |       |       |       |     1 ||     1
 Stab: Sleeping          |     1 |     8 |     3 |     3 ||    15
       Distracted        |       |       |     1 |       ||     1
Armor: Robe              |    17 |    55 |       |       ||    72
       Leather armour    |       |    12 |    85 |    59 ||   156
Dodge: Dodged            |    76 |   223 |   301 |   216 ||   816

Table legend: (Time is in decaauts)
 A = Elapsed time spent in this place.
 B = Non-inter-level travel time spent in this place.
 C = Inter-level travel time spent in this place.
 D = Time resting spent in this place.
 E = Time spent auto-exploring this place.
 F = Levels seen in this place.
 G = Mean time per level.
                   A        B        C        D        E       F      G
               +--------+--------+--------+--------+--------+-----+--------+
         Total |  13312 |  13059 |    253 |    400 |   9422 |  12 | 1109.3 |
       Dungeon |  12455 |  12202 |    253 |    400 |   8762 |  10 | 1245.5 |
        Temple |     61 |     61 |      0 |      0 |     33 |   1 |   61.0 |
         Sewer |    795 |    795 |      0 |      0 |    627 |   1 |  795.0 |
               +--------+--------+--------+--------+--------+-----+--------+

Top non-repeatable levels by time:
     D:6: 1694 daAuts
     D:2: 1535 daAuts
     D:4: 1407 daAuts
     D:1: 1308 daAuts
     D:9: 1277 daAuts
     D:3: 1170 daAuts
     D:7: 1090 daAuts
    D:10: 1074 daAuts
     D:5: 1067 daAuts
     D:8: 829 daAuts
   Sewer: 795 daAuts
  Temple: 61 daAuts
